 Dungeon Crawl Stone Soup version 0.15.0-18-g9076a4f (webtiles) character file.

56 Johnny the Bolt Thrower (level 4, -4/33 HPs)
             Began as a Formicid Hunter on Sept 7, 2014.
             Slain by a worker ant (7 damage)
             ... on Level 4 of the Dungeon.
             The game lasted 00:05:58 (1686 turns).

Johnny the Bolt Thrower (Formicid Hunter)           Turns: 1686, Time: 00:05:58

HP  -4/33        AC  7     Str 15      XL: 4   Next: 17%
MP   5/5         EV  9     Int 10      God:
Gold 89          SH  6     Dex 12      Spells:  0 memorised,  3 levels left

rFire  + . .     SeeInvis +     a - +0 short sword
rCold  x . .     Clarity  .     e - +0 ring mail
rNeg   . . .     rCorr    .     t - +3 buckler
rPois  .         rRot     .     (helmet unavailable)
rElec  .         Spirit   .     j - +0 cloak
SustAb .         Warding  .     (no gloves)
rMut   .         Stasis   +     l - +0 pair of boots
Gourm  .                        (no amulet)
MR     .....                    (no ring)
                                m - ring of fire

@: lethally poisoned, not resistant to hostile enchantments, very unstealthy
A: permanent stasis, dig shafts and tunnels, four strong arms, antennae 3,
screaming 1, weak 1, wild magic 1
a: Dig, Shaft Self


You were on level 4 of the Dungeon.
You were not hungry.

You visited 1 branch of the dungeon, and saw 4 of its levels.

You collected 89 gold pieces.

Inventory:

Hand weapons
 a - a +0 short sword (weapon)
 b - a +1 hand crossbow
Armour
 d - a +0 leather armour
 e - a +0 ring mail (worn)
 j - a +0 cloak (worn)
 l - a +0 pair of boots (worn)
 t - a +3 buckler (worn)
Comestibles
 f - 2 bread rations
 g - a beef jerky
 h - a fruit
Scrolls
 n - a scroll of teleportation
 u - a scroll of fog
 v - a scroll of recharging
Jewellery
 m - a ring of fire (left hand)


   Skills:
 * Level 1.8 Fighting
 * Level 4.9 Crossbows
 * Level 0.2 Armour
 * Level 2.0 Dodging
 * Level 1.7 Stealth
 + Level 0.2 Shields


You had 3 spell levels left.
You didn't know any spells.

Dungeon Overview and Level Annotations

Branches:
Dungeon (4/15)
 Temple: D:4-7

Altars:

Annotations:
D:2 Terence


Innate Abilities, Weirdness & Mutations

Your are under a permanent stasis effect.
You can dig through walls and to a lower floor.
Your four strong arms can wield two-handed weapons with a shield.
You have a pair of large antennae on your head (SInv).
You occasionally shout uncontrollably at your foes.
You are weak. (Str -2)
Your spells are a little harder to cast, but a little more powerful.


Message History

You feel sick.
There is a fountain of clear blue water here.
* * * LOW HITPOINT WARNING * * *
You feel sick.
* * * LOW HITPOINT WARNING * * *
You feel sick.
Your shield prevents you from hitting the worker ant.
The worker ant is lightly wounded.
* * * LOW HITPOINT WARNING * * *
You feel sick. The worker ant completely misses you.
You block the worker ant's attack.
You hit the worker ant.
The worker ant is moderately wounded.
* * * LOW HITPOINT WARNING * * *
You feel sick. You block the worker ant's attack.
You hit the worker ant but do no damage.
The worker ant is moderately wounded.
* * * LOW HITPOINT WARNING * * *
You feel sick. The worker ant bites you!
You die...

#.....## #..#
##.######.#
#......... #..
##.######.#
#....###...##
.........⌠..####.##
...........a........
........<.@..#####
#..##........# ##
#.⌠...⌠### ##....##
#..### ....# ..[..
..#. .


You could see a worker ant.

Vanquished Creatures
  2 adders
  A giant mite (D:3)
  7 hobgoblins
  5 kobolds
  A ball python (D:2)
  4 bats
  2 giant newts
  3 goblins (D:1)
  6 rats
31 creatures vanquished.

Notes
Turn   | Place    | Note
--------------------------------------------------------------
     0 | D:1      | Johnny, the Formicid Hunter, began the quest for the Orb.
     0 | D:1      | Reached XP level 1. HP: 15/15 MP: 1/1
   296 | D:1      | Reached XP level 2. HP: 21/21 MP: 3/3
   832 | D:1      | Reached XP level 3. HP: 24/26 MP: 4/4
  1092 | D:2      | Noticed Terence
  1144 | D:2      | You fall through a shaft for 2 floors!
  1152 | D:3      | Gained mutation: You are weak. (Str -2) [potion of mutation]
  1152 | D:3      | Gained mutation: Your spells are a little harder to cast, but a little more powerful. [potion of mutation]
  1152 | D:3      | Gained mutation: You occasionally shout uncontrollably at your foes. [potion of mutation]
  1369 | D:3      | Reached XP level 4. HP: 23/33 MP: 5/5
  1686 | D:4      | Slain by a worker ant

Action                   |  1- 3 |  4- 6 || total
-------------------------+-------+-------++-------
Melee: Short sword       |    33 |    29 ||    62
       Hand crossbow     |     5 |       ||     5
 Fire: Hand crossbow     |    56 |       ||    56
 Abil: Shaft Self        |     1 |       ||     1
  Use: Potion            |     5 |       ||     5
       Scroll            |     4 |     2 ||     6
  Eat: Chunk             |     1 |     1 ||     2
       Fruit             |       |     1 ||     1
